Map: Prion Terraces

Players

SinofSloth - Winner!

  • Race: Terran Terran
  • League: Platinum

Bucket

  • Race: Protoss Protoss
  • League: Diamond

VOD

Have the link to the VOD?

Description

Time

  • Played on: Nov. 25, 2015, 7:17 a.m.
  • Length: 6:42
Show
View Real Time Build Order
Export as new Build Order

SinofSloth Terran - Winner!

Build Orders: 1/1/1 

Get SALT Encoding   

  12  0:02  SCV  
  13  0:14  SCV  
  13  0:18  Supply Depot  
  14  0:26  SCV  
  15  0:41  Barracks  
  15  0:44  Refinery  
  15  0:46  Refinery  
  15  0:50  SCV  
  16  1:02  SCV  
  17  1:14  SCV  
  18  1:28  Barracks Reactor  
  18  1:29  Orbital Command  
  18  1:38  Factory  
  18  1:45  Supply Depot  
  18  1:55  SCV  
  19  2:04  Marine  
  19  2:05  Marine  
  21  2:14  SCV  
  22  2:22  Marine x2  
  22  2:23  Factory Tech Lab, Starport  
  22  2:29  SCV  
  25  2:40  Marine x2  
  25  2:42  Siege Tank  
  30  3:00  Marine  
  30  3:01  Medivac, Marine  
  30  3:02  Supply Depot  
  34  3:14  Siege Tank  
  34  3:17  Marine  
  34  3:19  Marine  
  39  3:32  Supply Depot  
  39  3:35  Marine  
  39  3:37  Marine  
  39  3:38  Medivac  
  43  3:53  Marine  
  43  3:54  Marine  
  45  3:56  Siege Tank  
  48  4:11  Marine  
  48  4:12  Marine  
  50  4:28  Siege Tank  
  50  4:29  Marine  
  51  4:46  Marine x2  
  49  5:02  Command Center  
  49  5:04  Siege Tank  
  49  5:06  Marine  
  53  5:27  Marine x2  
  55  5:34  SCV, Medivac  
  58  5:36  Siege Tank  
  59  6:04  Marine x2  
  59  6:21  SCV  
  60  6:28  Command Center  
Show
View Real Time Build Order
Export as new Build Order

Bucket Protoss 

Build Orders: 1 Gate Expand, Blink Stalkers 

Get SALT Encoding   

  12  0:01  Probe (Chrono Boost)  
  13  0:11  Probe (Chrono Boost)  
  14  0:19  Pylon  
  14  0:22  Probe (Chrono Boost)  
  15  0:37  Gateway, Probe (Chrono Boost)  
  15  0:41  Assimilator  
  16  0:48  Probe (Chrono Boost)  
  17  0:58  Probe (Chrono Boost)  
  18  1:09  Probe (Chrono Boost)  
  19  1:20  Nexus  
  20  1:31  Cybernetics Core  
  19  1:33  Probe (Chrono Boost)  
  20  1:42  Assimilator  
  20  1:44  Probe (Chrono Boost)  
  21  1:54  Probe (Chrono Boost)  
  21  1:59  Pylon  
  22  2:05  Probe (Chrono Boost)  
  23  2:10  Warp Gate  
  23  2:17  Mothership Core (Chrono Boost), Adept  
  27  2:33  Probe (Chrono Boost)  
  27  2:35  Probe (Chrono Boost)  
  29  2:38  Twilight Council  
  29  2:44  Probe (Chrono Boost)  
  30  2:46  Probe (Chrono Boost)  
  30  2:48  Pylon  
  31  2:51  Adept  
  31  2:54  Probe (Chrono Boost)  
  31  2:58  Probe (Chrono Boost)  
  35  3:05  Probe (Chrono Boost)  
  36  3:08  Probe (Chrono Boost)  
  37  3:15  Probe (Chrono Boost)  
  37  3:16  Blink (Chrono Boost)  
  37  3:19  Probe (Chrono Boost)  
  39  3:26  Probe (Chrono Boost)  
  38  3:27  Gateway  
  38  3:29  Gateway  
  38  3:35  Pylon  
  38  3:43  Pylon  
  38  3:44  Probe (Chrono Boost)  
  39  3:49  Gateway  
  39  3:51  Pylon  
  39  4:15  Probe  
  39  4:17  Probe  
  40  4:20  Pylon  
  40  4:22  Stalker x2  
  45  4:29  Stalker  
  47  4:33  Gateway  
  47  4:37  Gateway  
  45  4:49  Stalker  
  45  4:50  Stalker  
  45  4:52  Stalker  
  47  4:53  Probe  
  47  4:54  Probe  
  47  4:56  Assimilator  
  49  5:08  Pylon  
  49  5:13  Stalker x2  
  47  5:29  Stalker  
  49  5:38  Stalker x2  
  49  5:41  Pylon  
  46  5:45  Pylon  
  46  5:49  Pylon  
  44  5:51  Pylon  
  35  6:07  Stalker x3  
  35  6:11  Stalker  
  18  6:33  Zealot x3  
Tags
 
Add a new tag
Caveats
  • Supply blocks, unpowered buildings, or Contaminate may cause inaccurate times.
  • Supply counts are checked every 10 seconds.